AoeStats
← Tomato

Arena

505517072Analyzed
4v4 RM · 22d ago on Sep 9, 2026· 51m 9s· 8 players
Game mode
Random Map
Map size
Large (8 player)
Population
200
Speed
Normal
Resources
Standard
Victory
Conquest
Starting age
Dark Age
Ending age
Imperial Age
RankedLock teamsTeams togetherTeam positionsShared explorationLock speedFull tech treeHidden civsTurbo modeCheats
Victory
Defeat
🇳🇴 Italians · Norway
1302
+18
🇮🇹 Sicilians · Italy
1299
+18
🇳🇱 Wei · Netherlands
1281
+19
🇬🇧 Aztecs · United Kingdom
1269
+19
🇷🇺 Cumans · Russia
1378
-19
🇳🇴 Poles · Norway
1374
-20
🇳🇴 Cumans · Norway
1366
-19
🇳🇴 Italians · Norway
1271
-16
Nectarine
11:49 Feudal Age
13:02 Loom
15:53 Castle Age
14:32 Double-Bit Axe
14:36 Horse Collar
15:19 Gold Mining
15:47 Gold Mining
16:03 Scale Mail Armor
16:13 Forging
17:23 Fervor
17:32 Bow Saw
18:42 Fervor
20:04 Squires
21:32 Sanctity
21:11 Herbal Medicine
21:21 Gold Mining
23:01 Wheelbarrow
23:05 Heavy Plow
22:58 Arson
23:18 Town Watch
24:00 Redemption
23:50 Stone Mining
24:48 Eagle Warrior
25:45 Chain Mail Armor
26:44 Gold Shaft Mining
26:50 Stone Shaft Mining
27:15 Ballistics
26:54 Murder Holes
27:22 Treadmill Crane
28:59 Iron Casting
28:45 Elite Skirmisher
30:08 Hand Cart
29:38 Pikeman
30:25 Caravan
33:35 Imperial Age
33:17 Atlatl
33:56 Coinage
33:40 Fortified Wall
34:04 Town Patrol
34:45 Garland Wars
35:07 Elite Eagle Warrior
36:12 Conscription
36:27 Plate Mail Armor
36:53 Crop Rotation
37:51 Blast Furnace
37:08 Capped Ram
38:34 Banking
38:12 Siege Engineers
38:26 Man-at-Arms
38:52 Gambesons
38:59 Fletching
39:10 Padded Archer Armor
38:32 Crossbowman
40:54 Chemistry
39:19 Long Swordsman
39:41 Onager
41:07 Block Printing
40:27 Two-Handed Swordsman
41:59 Siege Ram
42:45 Champion
46:46 Elite Jaguar Warrior
47:25 Bodkin Arrow
50:47 Siege Onager
Tomato
5:27 Loom
12:18 Feudal Age
13:09 Horse Collar
13:14 Double-Bit Axe
13:21 Gold Mining
15:31 Wheelbarrow
18:41 Castle Age
16:56 Stone Mining
17:27 Bloodlines
17:33 Scale Barding Armor
18:23 Forging
20:11 Chain Barding Armor
20:12 Bow Saw
20:09 Heavy Plow
20:41 Husbandry
23:48 Iron Casting
23:34 Town Watch
28:21 Hand Cart
28:06 Town Patrol
34:48 Imperial Age
33:20 Thumb Ring
33:09 Fletching
33:19 Padded Archer Armor
34:48 Gold Shaft Mining
34:53 Ballistics
36:09 Conscription
36:16 Ming Guang Armor
36:53 Bodkin Arrow
37:14 Leather Archer Armor
38:01 Chemistry
37:41 Parthian Tactics
37:12 Treadmill Crane
38:08 Bracer
45:48 Stone Shaft Mining
47:45 Ring Archer Armor
47:28 Fortified Wall
47:29 Masonry
Player2
11:17 Feudal Age
11:18 Loom
11:49 Town Watch
12:39 Horse Collar
15:04 Castle Age
13:35 Double-Bit Axe
23:53 Heavy Plow
25:55 Bow Saw
29:54 Wheelbarrow
30:54 Hand Cart
31:08 Scale Mail Armor
32:38 First Crusade
32:54 Chain Mail Armor
36:35 Imperial Age
34:28 Squires
34:14 Arson
37:48 Plate Mail Armor
37:35 Elite Serjeant
38:36 Conscription
40:18 Forging
40:29 Pikeman
41:12 Halberdier
42:43 Capped Ram
44:11 Iron Casting
46:15 Blast Furnace
44:53 Siege Ram
47:24 Hoardings
47:38 Hauberk
48:37 Light Cavalry
48:38 Cavalier
49:29 Bloodlines
49:19 Husbandry
KRYPTAERNN
10:54 Feudal Age
14:58 Castle Age
13:36 Double-Bit Axe
14:17 Horse Collar
15:15 Loom
15:47 Crossbowman
27:08 Bow Saw
32:44 Imperial Age
30:20 Fletching
30:31 Padded Archer Armor
31:24 Wheelbarrow
31:54 Ballistics
31:34 Bodkin Arrow
31:58 Gold Mining
32:26 Leather Archer Armor
33:29 Thumb Ring
33:53 Conscription
34:40 Chemistry
34:03 Hand Cart
34:15 Bracer
35:45 Ring Archer Armor
37:33 Two-Man Saw
39:07 Light Cavalry
39:57 Bloodlines
39:34 Elite Genoese Crossbowman
40:33 Scale Barding Armor
40:39 Forging
40:45 Hussar
41:25 Husbandry
42:41 Chain Barding Armor
42:57 Iron Casting
45:36 Plate Barding Armor
46:02 Blast Furnace
big dick energy
9:41 Feudal Age
10:10 Double-Bit Axe
14:56 Castle Age
15:51 Bow Saw
15:44 Horse Collar
17:03 Heavy Plow
19:53 Loom
21:50 Stone Mining
21:55 Fletching
23:58 Ballistics
23:35 Murder Holes
23:56 Bodkin Arrow
24:03 Padded Archer Armor
26:25 Leather Archer Armor
26:52 Gold Mining
29:05 Wheelbarrow
28:13 Pikeman
28:54 Squires
29:43 Scale Mail Armor
29:55 Forging
32:17 Imperial Age
30:04 Hand Cart
31:05 Masonry
31:00 Treadmill Crane
34:17 Two-Man Saw
34:21 Chemistry
34:17 Crop Rotation
33:50 Bracer
34:08 Chain Mail Armor
34:57 Thumb Ring
35:30 Conscription
35:58 Iron Casting
37:57 Ring Archer Armor
37:57 Plate Mail Armor
38:29 Blast Furnace
37:31 Caravan
38:15 Silk Road
39:04 Architecture
39:16 Arson
42:26 Elite Genoese Crossbowman
43:23 Elite Skirmisher
47:00 Hoardings
Revne
5:18 Loom
10:55 Feudal Age
11:55 Double-Bit Axe
18:54 Horse Collar
19:55 Wheelbarrow
22:35 Castle Age
22:30 Gold Mining
22:32 Stone Mining
22:41 Pikeman
24:19 Forging
24:45 Squires
24:54 Scale Mail Armor
25:27 Bloodlines
27:09 Capped Ram
29:20 Chain Mail Armor
31:42 Gold Shaft Mining
31:11 Steppe Husbandry
32:43 Iron Casting
33:14 Hand Cart
36:09 Scale Barding Armor
40:16 Imperial Age
39:08 Chain Barding Armor
40:23 Cavalier
41:26 Conscription
41:37 Halberdier
42:18 Fletching
42:08 Elite Skirmisher
42:55 Thumb Ring
43:16 Paladin
46:29 Bow Saw
46:58 Bodkin Arrow
47:04 Padded Archer Armor
49:41 Hoardings
Welldone
10:54 Feudal Age
11:29 Loom
12:44 Double-Bit Axe
14:02 Man-at-Arms
16:37 Scale Mail Armor
17:21 Arson
18:25 Forging
21:43 Gold Mining
25:02 Castle Age
23:56 Horse Collar
25:34 Stone Mining
26:34 Heavy Plow
27:30 Wheelbarrow
27:08 Bow Saw
29:12 Gold Shaft Mining
30:21 Hand Cart
34:51 Imperial Age
33:51 Pikeman
35:21 Squires
35:31 Halberdier
36:52 Conscription
37:49 Chain Mail Armor
38:10 Iron Casting
37:31 Long Swordsman
38:18 Two-Handed Swordsman
39:31 Plate Mail Armor
39:49 Champion
42:42 Blast Furnace
44:30 Elite Skirmisher
45:29 Thumb Ring
46:37 Ballistics
47:17 Chemistry
46:21 Padded Archer Armor
46:11 Fletching
DAG THE WINNER
10:36 Feudal Age
16:02 Castle Age
14:14 Double-Bit Axe
14:18 Horse Collar
17:45 Bow Saw
17:37 Heavy Plow
18:50 Wheelbarrow
21:52 Hand Cart
22:14 Forging
22:05 Scale Mail Armor
24:43 Iron Casting
24:17 Light Cavalry
25:09 Scale Barding Armor
25:52 Loom
26:04 Gold Mining
26:08 Stone Mining
26:38 Bloodlines
28:32 Stone Shaft Mining
29:03 Husbandry
32:26 Imperial Age
31:36 Chain Barding Armor
31:30 Masonry
34:16 Crop Rotation
33:25 Capped Ram
34:22 Winged Hussar
34:49 Siege Ram
35:05 Siege Ram
37:09 Blast Furnace
37:08 Conscription
39:30 Lechitic Legacy
41:26 Onager
43:30 Chemistry
42:37 Onager
Connection lost

Rejoining the realm…

Still unreachable

The connection could not be restored.

Session expired

The server has moved on; the page needs a fresh start.